 Dungeon Crawl Stone Soup version 0.18-a0-1718-g40ea4b6 (webtiles) character file.

861 nubinia the Gusty (level 8, -1/42 HPs)
             Began as a Tengu Air Elementalist on Apr 8, 2016.
             Killed themself with a badly aimed iceblast (12 damage)
             ... on level 5 of the Dungeon.
             The game lasted 00:23:48 (5186 turns).

nubinia the Gusty (Tengu Air Elementalist)          Turns: 5186, Time: 00:23:49

Health: -1/42      AC:  5    Str:  8    XL:     8   Next: 2%
Magic:  16/16      EV: 14    Int: 22    God:
Gold:   196        SH:  0    Dex: 21    Spells: 3 memorised, 12 levels left

rFire  . . .     SeeInvis .     b - +0 blowgun
rCold  . . .     Gourm    .     q - +0 robe
rNeg   . . .     Faith    .     (no shield)
rPois  .         Spirit   .     (helmet restricted)
rElec  .         Dismiss  .     g - +0 cloak
rCorr  .         Reflect  .     i - +1 pair of gloves
SustAt .         Harm     .     (boots unavailable)
MR     .....                    j - amulet of magic regeneration
Stlth  +++.......               y - +6 ring of dexterity
                                o - +4 ring of intelligence

@: sluggish, repel missiles, very slow, not resistant to hostile enchantments,
fairly stealthy
A: beak, talons 3, able to fly 1
a: Fly


You were on level 5 of the Dungeon.
You were not hungry.

You visited 1 branch of the dungeon, and saw 5 of its levels.
You also visited: Sewer.

You collected 196 gold pieces.

Inventory:

Hand Weapons
 a - a +0 mace
 b - a +0 blowgun (weapon)
 d - a +0 club
Missiles
 e - 3 needles of confusion (quivered)
Armour
 g - a +0 cloak (worn)
 i - a +1 pair of gloves (worn)
 q - a +0 robe (worn)
 D - the +6 ring mail "Diosuv" {Regen+ Stlth+, unknown}
   (You found it on level 4 of the Dungeon)

   It increases your rate of regeneration.
   It makes you more stealthy.
Jewellery
 j - an amulet of magic regeneration (around neck)
 o - a +4 ring of intelligence (left hand)
 y - a +6 ring of dexterity (right hand)
Wands
 k - a wand of iceblast (7/15)
 x - a wand of iceblast (6/15)
Scrolls
 l - 3 scrolls of recharging
 m - 2 scrolls of teleportation
 p - 2 scrolls of amnesia
 w - 3 scrolls of enchant armour
 G - a scroll of magic mapping {unknown}
 I - 2 scrolls of remove curse
Potions
 h - 4 potions of curing
 n - a potion of brilliance
 r - a potion of magic {unknown}
 s - a potion of resistance
 t - a potion of haste {unknown}
 z - 2 potions of agility
 A - a potion of degeneration {unknown}
 B - a potion of invisibility {unknown}
 C - a potion of lignification {unknown}
 F - a potion of heal wounds {unknown}
Books
 u - a book of Air

   Spells                             Type                      Level
   a - Shock                          Conjuration/Air              1
   b - Swiftness                      Charms/Air                   2
   c - Repel Missiles                 Charms/Air                   2
   d - Static Discharge               Conjuration/Air              3
   e - Lightning Bolt                 Conjuration/Air              5
 E - a book of Burglary

   Spells                             Type                      Level
   a - Swiftness                      Charms/Air                   2
   b - Passwall                       Transmutation/Earth          2
   c - Passage of Golubria            Translocation                4
   d - Lee's Rapid Deconstruction     Earth                        5
   e - Darkness                       Hexes                        6
   f - Invisibility                   Hexes                        6
Comestibles
 c - 4 bread rations
 f - 4 meat rations


   Skills:
 + Level 0.4 Fighting
 + Level 2.9 Dodging
 + Level 3.2 Stealth
 + Level 5.0 Spellcasting
 + Level 5.7 Conjurations
 + Level 7.3 Air Magic


You had 12 spell levels left.
You knew the following spells:

 Your Spells              Type           Power        Failure   Level  Hunger
a - Shock                 Conj/Air       ####         1%          1    None
b - Swiftness             Chrm/Air       ###.....     4%          2    None
r - Repel Missiles        Chrm/Air       ###...       4%          2    None


Dungeon Overview and Level Annotations

Branches:
Dungeon (5/15)
 Temple: D:4-7

Altars:
Ashenzari
Dithmenos
Makhleb
Okawaru
Qazlal
Zin


Innate Abilities, Weirdness & Mutations

You have a beak for a mouth.
You have claws for feet.
You can fly.


Message History

You see here a poisoned needle.
v - a poisoned needle A sky beast appears from thin air!
Reactivating autopickup.
Firing (i - inventory. (,) - cycle):
v - a poisoned needle (quivered)
Press: ? - help, Shift-Dir - straight line, f/p - sky beast
Aim: a sky beast (severely wounded)
You shoot a poisoned needle.
The poisoned needle misses the sky beast.
You start to feel a little faster.
You see here a poisoned needle.
Evoke which item? (* to show all) (? for menu, Esc to quit)
Zapping:
k - a wand of iceblast (will waste charges)
Press: ? - help, Shift-Dir - straight line, f/p - sky beast
Aim: a sky beast (severely wounded) That beam is likely to hit you.
Continue anyway?
The mass of ice explodes!
The iceblast engulfs the sky beast.
The sky beast is almost dead.
The iceblast engulfs you!
You die...

##...##.#.#####.###
####......(....(.....(
#..........#.###.#)###
#.##.......#.......###
#.##.......#####.##...
#.##....#.## #.##.##
#.##.#..#.# #.{....
#.##.#Y.#.# ####{##
#....@....####### #...
#########.#..###.....# #{..
.......#.....###.....###ยง..
.Y.........#.........##....
.......#...#####.....##....
##########.# #.....##....
#.# ########.... # #.# #....
# .# #.######## #(...


You could see a sky beast.

Vanquished Creatures
  5 big kobolds (Sewer)
  An iguana (D:5)
  2 orc priests
  A giant frog skeleton (D:4)
  A jelly (D:5)
  An orc wizard (D:4)
  2 worker ants (D:4)
  Terence (D:2)
  9 adders
  4 river rats
  6 oozes
  An adder skeleton (D:4)
  6 worms
  3 dart slugs
  4 giant geckos (D:3)
  7 orcs
  5 bats
  7 giant cockroaches
  9 goblins
  6 hobgoblins
  A quokka (D:3)
  5 ball pythons
  5 giant newts
  15 kobolds
  8 rats
115 creatures vanquished.

Notes
Turn   | Place    | Note
--------------------------------------------------------------
     0 | D:1      | nubinia the Tengu Air Elementalist began the quest for the Orb.
     0 | D:1      | Reached XP level 1. HP: 10/10 MP: 4/4
   241 | D:1      | Reached XP level 2. HP: 15/15 MP: 1/6
   245 | D:1      | Learned a level 2 spell: Repel Missiles
   343 | D:1      | Learned a level 2 spell: Swiftness
   864 | D:1      | Reached XP level 3. HP: 19/19 MP: 0/7
  1560 | D:2      | Noticed Terence
  1566 | D:2      | Killed Terence
  1566 | D:2      | Reached skill level 5 in Air Magic
  1566 | D:2      | Reached XP level 4. HP: 15/24 MP: 3/8
  2343 | D:3      | Gained mutation: You can fly. [Tengu growth]
  2343 | D:3      | Reached XP level 5. HP: 28/28 MP: 8/10
  2418 | D:3      | Found a glowing drain.
  2422 | Sewer    | Entered a sewer
  2529 | Sewer    | Noticed a big kobold
  2538 | Sewer    | Killed a big kobold
  2600 | Sewer    | Reached XP level 6. HP: 32/32 MP: 9/12
  2737 | Sewer    | Reached skill level 6 in Air Magic
  3018 | Sewer    | Reached XP level 7. HP: 35/36 MP: 10/14
  3081 | Sewer    | Reached skill level 5 in Conjurations
  3632 | D:3      | Found an iron altar of Okawaru.
  3733 | D:3      | Found a shattered altar of Ashenzari.
  3733 | D:3      | Found a shadowy altar of Dithmenos.
  3835 | D:4      | Found a stormy altar of Qazlal.
  3859 | D:4      | Got a jewelled ring mail
  4177 | D:4      | Found a burning altar of Makhleb.
  4695 | D:4      | Reached skill level 7 in Air Magic
  4765 | D:5      | Entered Level 5 of the Dungeon
  4897 | D:5      | Found a glowing silver altar of Zin.
  4961 | D:5      | Reached skill level 5 in Spellcasting
  4961 | D:5      | Reached XP level 8. HP: 25/42 MP: 11/16
  5186 | D:5      | Killed themself with a badly aimed iceblast

Vault maps used:
D:1:      dpeg_arrival_round_a
D:2:      first_bread, uniq_terence
D:3:      marbit_many_paths, gammafunk_temple_overflow_pools,
          gup_sewer_entry_spiral
D:4:      nicolae_qazlal_general_emergency, bloody_makhleb
D:5:      fedhas_altar_fruit_tree, zin_academy, uniq_edmund, uniq_grinder
Sewer:    sewer_co_tree

Skill      XL: |  1  2  3  4  5  6  7 |
---------------+----------------------+-----
Conjurations   | 2 3 4 5 |  5.7
Air Magic      | 5 6 7 |  7.3
Spellcasting   | 3 4 5 |  5.0
Stealth        | 3 |  3.2
Fighting       | |  0.4
Dodging        | |  2.9

Action                   |  1- 3 |  4- 6 |  7- 9 || total
-------------------------+-------+-------+-------++-------
Melee: Unarmed           |     4 |       |       ||     4
       Club              |    12 |       |       ||    12
       Mace              |       |     1 |     2 ||     3
 Fire: Blowgun           |       |       |    14 ||    14
 Cast: Shock             |    57 |   132 |    85 ||   274
       Repel Missiles    |     1 |       |     1 ||     2
       Swiftness         |       |       |     1 ||     1
 Abil: Fly               |       |     6 |     2 ||     8
  Use: Scroll            |     5 |     3 |     2 ||    10
       Potion            |       |       |     1 ||     1
  Eat: Chunk             |     3 |     5 |     7 ||    15
